Map: [ESL] Alcyone

Players

ONSYDERyung (Ryung)

  • Race: Terran Terran
  • Spawn Location: 1:00

Classic - Winner!

  • Race: Protoss Protoss
  • Spawn Location: 7:00

VOD

Have the link to the VOD?

Description

Time

  • Played on: Dec. 27, 2023, 5:18 a.m.
  • Length: 13:19
Show
View Real Time Build Order
Export as new Build Order

ONSYDERyung Terran 

Build Orders: Cyclone Opening 

Get SALT Encoding   

  12  0:00  SCV  
  13  0:12  SCV  
  14  0:17  Supply Depot  
  14  0:24  SCV  
  15  0:38  SCV  
  15  0:39  Barracks  
  16  0:43  Refinery  
  16  0:50  SCV  
  17  1:02  SCV  
  18  1:15  SCV  
  19  1:25  Marine  
  19  1:27  Orbital Command  
  20  1:39  Command Center  
  20  1:52  Factory  
  20  1:53  SCV  
  21  2:04  Barracks Reactor  
  21  2:05  SCV  
  22  2:10  Supply Depot  
  22  2:12  Refinery  
  22  2:17  SCV  
  23  2:31  SCV  
  23  2:35  Hellion  
  26  2:39  Starport  
  26  2:40  Marine x2  
  26  2:44  SCV  
  29  2:51  Orbital Command  
  29  2:56  Cyclone  
  29  2:58  SCV  
  32  3:01  Marine  
  32  3:03  Marine  
  34  3:12  Orbital Command  
  34  3:19  Marine, Medivac  
  32  3:20  Marine  
  32  3:21  SCV  
  34  3:28  Factory Tech Lab  
  34  3:33  SCV  
  35  3:37  Supply Depot, SCV, Marine  
  35  3:38  Marine  
  38  3:47  SCV  
  39  3:48  Siege Tank  
  39  3:49  SCV  
  39  3:54  Marine  
  44  3:56  Starport Tech Lab, Marine  
  44  3:59  Supply Depot, SCV  
  44  4:02  SCV  
  47  4:09  Barracks  
  47  4:16  Raven  
  49  4:17  SCV x2  
  49  4:19  Marine x2  
  49  4:21  Refinery  
  53  4:25  Supply Depot  
  53  4:31  SCV x2  
  55  4:37  Siege Tank  
  55  4:38  Marine x2  
  59  4:44  SCV x2  
  61  4:47  Supply Depot  
  61  4:53  Supply Depot  
  61  4:56  SCV x2  
  61  4:58  Marine  
  61  4:59  Marine  
  65  5:03  Barracks  
  65  5:05  Engineering Bay  
  65  5:06  Stimpack  
  65  5:08  SCV  
  65  5:09  SCV  
  67  5:17  Starport Reactor  
  67  5:20  SCV  
  67  5:21  SCV  
  69  5:24  Marine x2, Refinery  
  69  5:25  Marine  
  72  5:29  Factory Reactor  
  72  5:32  Terran Infantry Weapons Level 1, SCV  
  72  5:33  SCV  
  74  5:40  Supply Depot x2  
  74  5:44  SCV  
  74  5:45  SCV  
  74  5:49  Marine  
  76  5:50  Marine  
  76  5:55  Command Center  
  78  5:58  Combat Shield  
  78  6:00  Marauder x2  
  78  6:01  SCV x2  
  78  6:03  Medivac  
  86  6:06  Medivac  
  86  6:10  Widow Mine x2  
  92  6:19  Supply Depot  
  92  6:22  Supply Depot  
  92  6:24  SCV, Marauder x2  
  92  6:25  SCV  
  98  6:26  Marine x2  
  100  6:33  Medivac  
  102  6:41  Widow Mine x2, Medivac  
  108  6:47  Barracks  
  108  6:50  Barracks  
  108  6:56  SCV x2  
  108  6:57  Marauder  
  108  6:58  Marauder  
  114  7:09  SCV x2, Armory  
  114  7:11  Marine x2  
  114  7:13  Engineering Bay  
  118  7:25  Widow Mine x2, Viking x2  
  118  7:26  Terran Infantry Armor Level 1  
  126  7:34  Marauder x2  
  126  7:36  Marine x2  
  132  7:41  SCV  
  132  7:42  SCV  
  132  7:45  Supply Depot  
  132  7:47  Supply Depot  
  132  7:57  Orbital Command  
  130  7:59  Missile Turret, Terran Infantry Weapons Level 2  
  130  8:01  Missile Turret  
  130  8:02  SCV x2  
  130  8:04  Supply Depot  
  132  8:07  Barracks Tech Lab, Concussive Shells, Barracks Reactor  
  132  8:13  Ghost Academy  
  132  8:14  SCV x2  
  134  8:26  Marauder x3  
  134  8:27  Marine x2  
  134  8:28  SCV x3  
  138  8:40  SCV x3, Command Center  
  139  8:41  Refinery x2  
  139  8:45  Medivac x2  
  139  8:47  Ghost  
  145  8:50  Ghost  
  145  8:54  Ghost  
  149  9:02  SCV x2  
  149  9:03  SCV  
  79  9:17  Viking x2  
  149  9:21  Supply Depot x2, SCV x3  
  149  9:24  Terran Infantry Armor Level 2  
  156  9:26  Barracks x2  
  156  9:28  Barracks  
  156  9:33  Ghost  
  156  9:37  SCV x3  
  161  9:38  Supply Depot  
  161  9:39  Supply Depot x2  
  161  9:50  Terran Ship Weapons Level 1  
  161  9:52  Starport  
  161  9:54  SCV x2  
  161  9:55  SCV  
  163  10:02  Ghost  
  163  10:05  Marine x4, Marauder x2  
  173  10:15  SCV  
  173  10:16  SCV x2  
  176  10:26  Terran Infantry Weapons Level 3  
  172  10:31  Orbital Command, Refinery  
  172  10:32  Refinery  
  172  10:33  Command Center  
  172  10:36  Barracks Tech Lab  
  172  10:37  Barracks Tech Lab, Barracks Reactor  
  172  10:41  SCV x3  
  172  10:42  Missile Turret  
  173  10:43  Ghost x2  
  177  10:56  Liberator  
  180  11:02  Liberator  
  183  11:08  Command Center  
  183  11:10  Sensor Tower  
  183  11:12  Missile Turret  
  183  11:13  Missile Turret  
  183  11:14  Liberator  
  183  11:16  Missile Turret  
  184  11:20  Missile Turret  
  184  11:22  Missile Turret  
  184  11:23  Liberator  
  184  11:25  Missile Turret  
  186  11:40  Liberator  
  186  11:44  Liberator  
  192  12:00  Liberator  
  192  12:01  Unknown  
  192  12:13  Missile Turret  
  189  12:17  Liberator  
  189  12:19  Starport, Missile Turret  
  189  12:20  Starport  
  189  12:30  Liberator  
  189  12:33  Missile Turret  
  189  12:35  Missile Turret  
  189  12:42  Marine x2  
  189  12:43  Marine  
  189  12:44  Marine x5, Marauder x2  
  158  12:50  Marauder  
  123  13:00  Marine x2  
Show
View Real Time Build Order
Export as new Build Order

Classic Protoss - Winner!

Build Orders: 1 Gate Expand, Phoenix Opening, Carriers, Colossus Rush 

Get SALT Encoding   

  12  0:00  Probe  
  13  0:12  Probe  
  14  0:17  Pylon  
  14  0:24  Probe  
  15  0:36  Gateway  
  15  0:37  Probe (Chrono Boost)  
  16  0:46  Assimilator, Probe (Chrono Boost)  
  17  0:51  Probe (Chrono Boost)  
  18  1:03  Probe  
  19  1:15  Probe  
  20  1:22  Cybernetics Core  
  20  1:32  Nexus  
  20  1:40  Pylon  
  20  1:42  Probe  
  21  1:49  Assimilator  
  21  1:54  Probe  
  21  1:56  Stalker (Chrono Boost)  
  23  2:02  Warp Gate  
  23  2:06  Probe  
  24  2:14  Shield Battery  
  24  2:17  Stalker (Chrono Boost)  
  26  2:23  Probe  
  27  2:35  Probe  
  28  2:39  Adept  
  30  2:44  Probe (Chrono Boost)  
  30  2:49  Stargate  
  30  2:51  Probe (Chrono Boost)  
  32  2:56  Probe (Chrono Boost)  
  33  3:03  Probe x2 (Chrono Boost)  
  35  3:15  Probe (Chrono Boost)  
  35  3:17  Probe (Chrono Boost)  
  35  3:18  Stalker  
  39  3:23  Pylon  
  41  3:27  Probe (Chrono Boost)  
  41  3:31  Probe (Chrono Boost)  
  41  3:32  Phoenix  
  41  3:33  Probe (Chrono Boost)  
  44  3:39  Probe  
  44  3:41  Robotics Facility, Probe  
  46  3:49  Assimilator  
  46  3:51  Assimilator, Probe  
  46  3:53  Probe  
  48  3:57  Phoenix (Chrono Boost)  
  50  4:03  Gateway  
  50  4:04  Probe  
  50  4:05  Probe  
  52  4:15  Pylon  
  52  4:16  Probe  
  53  4:17  Probe  
  54  4:28  Pylon  
  54  4:31  Phoenix (Chrono Boost)  
  54  4:33  Probe x2  
  58  4:40  Robotics Bay  
  58  4:42  Immortal  
  62  4:47  Probe x2  
  64  5:01  Nexus  
  64  5:04  Pylon  
  64  5:05  Probe  
  64  5:06  Probe  
  66  5:09  Sentry  
  66  5:13  Sentry  
  70  5:18  Pylon  
  70  5:22  Probe x2  
  70  5:23  Colossus (Chrono Boost)  
  78  5:31  Shield Battery  
  78  5:34  Extended Thermal Lance  
  78  5:37  Probe x2  
  78  5:41  Phoenix  
  82  5:47  Pylon  
  81  5:52  Probe x2  
  83  6:01  Pylon  
  83  6:04  Probe, Colossus (Chrono Boost)  
  83  6:10  Probe  
  91  6:13  Probe  
  91  6:16  Probe  
  93  6:23  Twilight Council, Probe  
  93  6:25  Forge, Probe  
  94  6:28  Probe  
  94  6:29  Pylon  
  94  6:32  Gateway  
  96  6:33  Gateway  
  96  6:36  Zealot, Sentry  
  100  6:43  Pylon, Colossus  
  106  6:52  Phoenix  
  106  6:56  Zealot, Protoss Ground Weapons Level 1 (Chrono Boost)  
  108  7:02  Probe x3  
  108  7:03  Assimilator, Zealot, Pylon  
  108  7:05  Charge  
  108  7:07  Assimilator  
  113  7:14  Probe x3  
  116  7:15  Pylon  
  116  7:25  Gateway x2  
  116  7:29  Stalker x4  
  124  7:41  Observer (Chrono Boost)  
  125  7:45  Probe x2  
  125  7:46  Probe  
  128  7:52  Fleet Beacon  
  128  7:57  Probe  
  128  7:58  Probe x2, Photon Cannon  
  129  8:00  Pylon  
  129  8:02  Pylon  
  129  8:04  Pylon  
  129  8:07  Stargate  
  126  8:17  Observer (Chrono Boost)  
  126  8:18  Pylon  
  127  8:20  Nexus  
  133  8:34  Pylon  
  133  8:36  Pylon  
  133  8:41  Blink  
  133  8:43  Carrier (Chrono Boost)  
  133  8:44  Disruptor  
  133  8:45  Protoss Air Weapons Level 1 (Chrono Boost)  
  137  8:52  Assimilator  
  137  8:54  Zealot  
  137  8:55  Zealot x3  
  145  8:57  Assimilator  
  145  9:00  Carrier (Chrono Boost)  
  151  9:06  Protoss Ground Weapons Level 2 (Chrono Boost)  
  149  9:23  Photon Cannon  
  149  9:24  Photon Cannon  
  149  9:26  Photon Cannon  
  149  9:28  Shield Battery  
  149  9:30  Shield Battery  
  149  9:31  Shield Battery  
  149  9:32  Disruptor, Carrier (Chrono Boost), Photon Cannon  
  159  9:40  Photon Cannon  
  159  9:53  Gateway  
  159  9:55  Gateway x2  
  159  9:57  Carrier (Chrono Boost)  
  159  9:58  Gateway  
  163  10:00  Cybernetics Core  
  169  10:12  Stalker x2, Mothership (Chrono Boost)  
  173  10:25  Carrier (Chrono Boost)  
  166  10:30  Observer (Chrono Boost)  
  172  10:43  Stargate  
  172  10:46  Carrier (Chrono Boost)  
  172  10:53  Nexus  
  172  10:55  Pylon, Immortal (Chrono Boost)  
  182  11:10  Templar Archives  
  182  11:12  Stalker x3  
  182  11:13  Stalker  
  190  11:29  Assimilator  
  190  11:30  Shield Battery  
  188  11:33  Warp Prism (Chrono Boost), Photon Cannon  
  190  11:44  Stalker  
  190  11:45  Stalker x3  
  190  11:46  Stalker  
  197  12:05  Nexus  
  197  12:08  Photon Cannon  
  197  12:09  High Templar  
  199  12:42  Stalker  
  199  12:43  Stalker x4  
  199  12:48  Zealot x5  
Tags
 
Add a new tag
Caveats
  • Supply blocks, unpowered buildings, or Contaminate may cause inaccurate times.
  • Supply counts are checked every 10 seconds.